 Dungeon Crawl Stone Soup version 0.22.1-6-g1668fe2 (webtiles) character file.

29591 Inchmeat the Severer (level 13, -11/132 HPs)
             Began as a Hill Orc Gladiator on Jan 24, 2019.
             Was a High Priest of Ru.
             Mangled by an ettin
             ... wielding a +0 dire flail
              (35 damage)
             ... on level 2 of the Orcish Mines.
             The game lasted 00:39:28 (26756 turns).

Inchmeat the Severer (Hill Orc Gladiator)          Turns: 26756, Time: 00:39:28

Health: -11/132    AC: 15    Str: 22    XL:     13   Next: 46%
Magic:  13/13      EV:  6    Int:  8    God:    Ru [*****.]
Gold:   1895       SH:  0    Dex: 12    Spells: 12/12 levels left

rFire    + . .     SeeInvis .   c - +3 battleaxe (freeze)
rCold    + . .     Gourm    .   (shield currently unavailable)
rNeg     . . .     Faith    .   s - +0 plate armour
rPois    .         Spirit   .   g - +0 helmet of Uferu {rC+} (curse)
rElec    .         Reflect  .   F - +2 cloak
rCorr    .         Harm     .   b - +0 pair of gloves
MR       +....                  (no boots)
Stlth    ..........             (no amulet)
HPRegen  0.32/turn              r - ring of protection from magic
MPRegen  0.13/turn              j - ring of protection from fire

@: no potions, horrified
A: inability to drink while threatened, no stealth, hated by all, cowardly,
inability to train dodging
a: Draw Out Power, Power Leap, Apocalypse, Renounce Religion


You were on level 2 of the Orcish Mines.
You worshipped Ru.
Ru was extremely pleased with you.
You were very hungry.

You visited 2 branches of the dungeon, and saw 15 of its levels.
You also visited: Ossuary and Ice Cave.

You collected 1895 gold pieces.

Inventory:

Hand Weapons
 c - a +3 battleaxe of freezing (weapon)
 h - a +2 battleaxe of venom
 o - the cursed +1 mace "Doan" {crush, rF+ Int+4}
   (You found it in an ice cave)

   It inflicts extra damage upon your enemies.
   It affects your intelligence (+4).
   It protects you from fire.
   It has a curse placed upon it.
 q - a +0 war axe of freezing
 A - a +1 battleaxe
 I - a +1 battleaxe of flaming
Armour
 b - a +0 pair of gloves (worn)
 d - +0 acid dragon scales
 g - the cursed +0 helmet of Uferu (worn) {rC+}
   (You found it on level 6 of the Dungeon)

   It protects you from cold.
   It has a curse placed upon it.
 l - a +2 chain mail of poison resistance
 s - a +0 plate armour (worn)
 F - a +2 cloak (worn)
Jewellery
 j - a ring of protection from fire (right hand)
 r - a ring of protection from magic (left hand)
Wands
 p - a wand of polymorph (16)
 t - a wand of random effects (39)
 E - a wand of disintegration (3)
 J - a wand of paralysis (9)
Scrolls
 a - a scroll of enchant armour
 k - a scroll of immolation
 u - 8 scrolls of amnesia
 x - 5 scrolls of remove curse
 y - 8 scrolls of teleportation
 C - a scroll of magic mapping
Potions
 e - 2 potions of curing
 i - a potion of ambrosia
 m - 2 potions of haste
 n - a potion of heal wounds
 v - 2 potions of flight
 w - 2 potions of degeneration {unknown}
 z - 3 potions of might {unknown}
 B - a potion of magic {unknown}
 G - 2 potions of lignification {unknown}
 H - a potion of mutation {unknown}
Comestibles
 f - 13 rations


   Skills:
 * Level 17.0 Fighting
 - Level 20.0 Axes
 - Level 1.7 Throwing
 + Level 1.7 Armour


You had 12 spell levels left.
You didn't know any spells.
Your spell library contained the following spells:

 Spells                   Type           Power        Failure   Level  Hunger
 Corona                   Hex            #......      100%        1    ##.....
 Flame Tongue             Conj/Fire      #....        100%        1    ##.....
 Freeze                   Ice            #...         100%        1    ##.....
 Corpse Rot               Necr           N/A          100%        2    ###....
 Slow                     Hex            #.......     100%        2    ###....
 Sublimation of Blood     Necr           #.........   100%        2    ###....
 Throw Flame              Conj/Fire      #.....       100%        2    ###....
 Throw Frost              Conj/Ice       #.....       100%        2    ###....
 Conjure Flame            Conj/Fire      #.......     100%        3    ####...
 Inner Flame              Hex/Fire       #.......     100%        3    ####...
 Ozocubu's Armour         Chrm/Ice       #.......     100%        3    ####...
 Portal Projectile        Hex/Tloc       #.....       100%        3    ####...
 Cause Fear               Hex            #.........   100%        4    #####..
 Ice Form                 Ice/Tmut       #.......     100%        4    #####..
 Leda's Liquefaction      Hex/Erth       #.........   100%        4    #####..
 Sticky Flame             Conj/Fire      #.......     100%        4    #####..
 Throw Icicle             Conj/Ice       #.......     100%        4    #####..
 Agony                    Necr           #.......     100%        5    ######.
 Bolt of Draining         Conj/Necr      #.........   100%        5    ######.
 Dispel Undead            Necr           #.......     100%        5    ######.
 Excruciating Wounds      Chrm/Necr      #.........   100%        5    ######.
 Fireball                 Conj/Fire      #.........   100%        5    ######.
 Metabolic Englaciation   Hex/Ice        #.........   100%        5    ######.
 Bolt of Cold             Conj/Ice       #.........   100%        6    #######
 Freezing Cloud           Conj/Ice/Air   #.........   100%        6    #######
 Ozocubu's Refrigeration  Ice            #.........   100%        6    #######
 Summon Ice Beast         Ice/Summ       Unusable     N/A         4    N/A
 Simulacrum               Ice/Necr       Unusable     N/A         6    N/A

Dungeon Overview and Level Annotations

Branches:
Dungeon (13/15)            Temple (0/1) D:7            Lair (0/6) D:11
    Orc (2/2) D:12            Elf (0/3) Orc:2        Vaults (0/5) D:13

Altars:
Elyvilon
Fedhas
Gozag
Hepliaklqana
Kikubaaqudgha
Makhleb
Ru
Sif Muna
Wu Jian
Xom
Yredelemnul
The Shining One

Shops:
Orc:2 *([:

Annotations:
D:13 Nessos, Rupert
Orc:1 Erica


Innate Abilities, Weirdness & Mutations

You cannot drink potions while threatened.
You cannot be stealthy.
You are hated by all.
Your cowardice makes you less effective in combat with threatening monsters.
You cannot train Dodging skill.


Message History

The ettin closely misses you. The ettin hits you with a dire flail!!!
You feel threatened and lose the ability to drink potions!
You climb downwards.
There is a stone staircase leading up here.
You feel a twist of horror at the sight of this foe.
Items here: )) [[[ a scale mail; a mace; a scale mail; a plate armour; a glaive The ettin hits you with a dire flail!!!
* * * LOW HITPOINT WARNING * * *
The ettin completely misses you.
Okay, then.
Things that are here:
a robe; a dagger You can drink potions again.
You feel a twist of horror at the sight of this foe.
The ettin hits you with a dire flail!
You feel threatened and lose the ability to drink potions!
* * * LOW HITPOINT WARNING * * *
The ettin hits you with a dire flail!!
You die...

.................................
.........................#.#.....
..........................#......
...<.............................
[.#..[[..........................
..#..(...........................
.....)...........................
....[..........................##
#(..[..........C@.............###
#.......#.......#..............#.
.#..............)[...............
.(##)#...............[...##.#....
..###[..............#[..##.......
..#..#......#....#.#.[..###...#.#
..................).#[.......####
..#..#..###........###......##
............[..#.####...#.###


You could see an ettin.

Vanquished Creatures
  An orc warlord (D:11)
  A two-headed ogre (D:10)
  A death knight (D:11)
  3 orc high priests
  2 skeletal warriors
  An unseen horror (shapeshifter) (D:12)
  4 orc knights
  2 orc sorcerers (Orc:2)
  5 ugly things
  An oklob plant (D:11)
  A deep elf mage (D:12)
  A cyclops (D:11)
  3 ice statues (IceCv)
  3 gargoyles
  A kobold demonologist (D:3)
  A redback zombie (D:12)
  8 trolls
  Prince Ribbit (D:6)
  4 slime creatures (D:12)
  4 hippogriffs
  A wraith (D:11)
  A spriggan (D:9)
  A wyvern (D:10)
  A basilisk (D:12)
  7 yaks
  2 hungry ghosts
  3 wargs
  2 water moccasins
  An acid dragon (D:11)
  2 black bears
  29 orc warriors
  A phantom (D:9)
  3 eyes of draining
  13 ogres
  10 ice beasts
  3 sky beasts
  2 necrophages
  6 centaurs
  A crocodile (D:12)
  A big kobold (D:9)
  3 elf zombies (Ossuary)
  3 bullfrogs
  A wyvern skeleton (D:11)
  4 scorpions
  A water moccasin skeleton (D:7)
  3 wights (D:11)
  14 killer bees
  3 electric eels (D:11)
  3 howler monkeys (D:11)
  3 bullfrog zombies
  5 centaur zombies
  8 crimson imps
  A quasit (D:7)
  2 human zombies (Ossuary)
  A centaur skeleton (D:9)
  A gnoll shaman (D:9)
  4 hounds
  5 jellies
  24 orc priests
  26 orc wizards
  An iguana (D:11)
  8 worker ants
  3 hound zombies
  A hound skeleton (D:7)
  A howler monkey zombie (D:6)
  3 mummies (Ossuary)
  4 worker ant zombies
  10 gnolls
  10 adders
  3 shadow imps
  12 white imps (D:12)
  An adder skeleton (D:9)
  4 adder zombies
  A worm (D:6)
  A dart slug (D:2)
  6 leopard geckos
  89 orcs
  2 ball pythons
  5 bats
  2 giant cockroaches
  A gnoll zombie (Ossuary)
  19 goblins
  8 hobgoblins
  7 jackals (D:2)
  10 kobolds
  7 quokkas
  4 frilled lizards
  2 goblin zombies (Ossuary)
  7 hobgoblin zombies (Ossuary)
  3 jackal zombies (Ossuary)
  3 kobold zombies (Ossuary)
  2 leopard gecko skeletons
  A leopard gecko zombie (D:5)
  An orc zombie (Ossuary)
  A quokka skeleton (D:6)
  5 quokka zombies (Ossuary)
  10 rats
  3 rat zombies (Ossuary)
  A spectral orc (D:8)
  A fungus (Orc:2)
516 creatures vanquished.

Vanquished Creatures (others)
  A bullfrog zombie (D:9)
  A hound (D:11)
  An orc (Orc:2)
  8 fungi (Orc:2)
11 creatures vanquished.

Grand Total: 527 creatures vanquished

Notes
Turn   | Place    | Note
-------+----------+-------------------------------------------
     0 | D:1      | Inchmeat the Hill Orc Gladiator began the quest for the
                  | Orb.
     0 | D:1      | Reached XP level 1. HP: 18/18 MP: 1/1
   226 | D:1      | Reached XP level 2. HP: 25/25 MP: 2/2
   236 | D:1      | Reached skill level 5 in Axes
   804 | D:1      | Reached XP level 3. HP: 23/30 MP: 3/3
  1202 | D:2      | Found a white marble altar of Elyvilon.
  1202 | D:2      | Found an ancient bone altar of Kikubaaqudgha.
  1207 | D:2      | Found a shimmering altar of Xom.
  1209 | D:2      | Found a glowing golden altar of the Shining One.
  1212 | D:2      | Found a sacrificial altar of Ru.
  1227 | D:2      | Became a worshipper of Ru the Awakened
  1421 | D:2      | Reached skill level 6 in Axes
  1465 | D:2      | Found a hazy altar of Hepliaklqana.
  1574 | D:2      | Reached XP level 4. HP: 37/37 MP: 4/4
  1891 | D:3      | Noticed a kobold demonologist
  1892 | D:3      | Found a transporter.
  2072 | D:3      | Found a transporter.
  2361 | D:3      | Gained mutation: You cannot be stealthy. [Ru sacrifice]
  2460 | D:3      | Reached skill level 7 in Axes
  2966 | D:4      | Reached XP level 5. HP: 30/42 MP: 5/5
  2985 | D:4      | Found a sand-covered staircase.
  2990 | Ossuary  | Entered an ossuary
  3118 | Ossuary  | Reached skill level 8 in Axes
  3365 | Ossuary  | Reached XP level 6. HP: 42/50 MP: 6/6
  3380 | Ossuary  | Reached skill level 9 in Axes
  3921 | Ossuary  | Reached skill level 10 in Axes
  3921 | Ossuary  | Reached XP level 7. HP: 43/56 MP: 7/7
  4422 | D:4      | Found a burning altar of Makhleb.
  4506 | D:4      | Reached skill level 11 in Axes
  5421 | D:5      | Entered Level 5 of the Dungeon
  5430 | D:5      | Reached skill level 12 in Axes
  5430 | D:5      | Reached XP level 8. HP: 39/62 MP: 8/8
  5543 | D:5      | Gained mutation: You are hated by all. [Ru sacrifice]
  5543 | D:5      | Reached * piety under Ru
  5543 | D:5      | Reached ** piety under Ru
  5590 | D:5      | You fall through a shaft for 2 floors!
  5638 | D:7      | Found a staircase to the Ecumenical Temple.
  5858 | D:7      | Reached skill level 13 in Axes
  6650 | D:7      | Reached skill level 14 in Axes
  6955 | D:6      | Found an opulent altar of Gozag.
  7026 | D:6      | Reached XP level 9. HP: 54/68 MP: 9/9
  7157 | D:6      | Reached skill level 15 in Axes
  7169 | D:6      | Noticed Prince Ribbit
  7203 | D:6      | Killed Prince Ribbit
  7219 | D:6      | Got a transparent helmet
  7230 | D:6      | Identified the cursed +0 helmet of Uferu {rC+} (You found
                  | it on level 6 of the Dungeon)
  7968 | D:8      | Reached skill level 16 in Axes
  8231 | D:8      | Gained mutation: You cannot drink potions while threatened.
                  | [Ru sacrifice]
  8231 | D:8      | Reached *** piety under Ru
  8317 | D:8      | Reached skill level 5 in Fighting
  8556 | D:8      | Found a deep blue altar of Sif Muna.
  8568 | D:8      | Reached XP level 10. HP: 80/83 MP: 10/10
  8769 | D:8      | Found a basalt altar of Yredelemnul.
  9896 | D:9      | Gained mutation: Your cowardice makes you less effective in
                  | combat with threatening monsters. [Ru sacrifice]
  9896 | D:9      | Reached **** piety under Ru
  9973 | D:10     | Entered Level 10 of the Dungeon
 10026 | D:10     | Reached skill level 10 in Fighting
 10332 | D:10     | Noticed a gargoyle
 10342 | D:10     | Killed a gargoyle
 10778 | D:10     | Noticed a two-headed ogre
 10806 | D:10     | Killed a two-headed ogre
 10806 | D:10     | Reached XP level 11. HP: 49/104 MP: 6/11
 11441 | D:11     | Noticed a skeletal warrior
 12305 | D:5      | Found an ornate altar of the Wu Jian Council.
 12404 | D:5      | Found a blossoming altar of Fedhas.
 14096 | D:11     | Noticed a cyclops
 14106 | D:11     | Killed a cyclops
 14225 | D:11     | Noticed a death knight
 14322 | D:11     | Noticed a skeletal warrior
 16392 | D:11     | Killed a skeletal warrior
 16686 | D:11     | Noticed an oklob plant
 16687 | D:11     | Found a staircase to the Lair.
 17243 | D:10     | Killed a skeletal warrior
 17243 | D:10     | Reached skill level 15 in Fighting
 18476 | D:11     | Killed a death knight
 18815 | D:11     | Killed an oklob plant
 18970 | D:12     | Noticed an unseen horror
 18972 | D:12     | Killed an unseen horror
 18972 | D:12     | Reached XP level 12. HP: 104/122 MP: 12/12
 19107 | D:12     | Found a frozen archway.
 19143 | IceCv    | Entered an ice cave
 20586 | IceCv    | Got a steaming mace
 20686 | D:12     | Found a staircase to the Orcish Mines.
 21064 | D:12     | Reached skill level 17 in Axes
 21749 | D:12     | Reached skill level 18 in Axes
 21925 | Orc:1    | Entered Level 1 of the Orcish Mines
 21970 | Orc:2    | Entered Level 2 of the Orcish Mines
 22011 | Orc:2    | Noticed an orc warlord
 22012 | Orc:2    | Found a staircase to the Elven Halls.
 22447 | D:11     | Killed an orc warlord
 22737 | D:13     | Found a gate to the Vaults.
 22737 | D:13     | Noticed Rupert
 22737 | D:13     | Noticed Nessos
 23164 | Orc:1    | Identified the cursed +1 mace "Doan" {crush, rF+ Int+4}
                  | (You found it in an ice cave)
 23188 | D:12     | Reached skill level 19 in Axes
 23188 | D:12     | Reached XP level 13. HP: 76/130 MP: 13/13
 24461 | Orc:2    | Found Zybaish's Antique Weapon Boutique.
 25124 | Orc:2    | Reached skill level 20 in Axes
 25441 | Orc:2    | Found Yzavef's Book Emporium.
 25522 | Orc:2    | Found Cohoiq's Antique Armour Shop.
 25771 | Orc:2    | Reached skill level 1 in Armour
 25772 | Orc:2    | Found Biti's General Store.
 26173 | Orc:2    | Gained mutation: You cannot train Dodging skill. [Ru
                  | sacrifice]
 26173 | Orc:2    | Reached ***** piety under Ru
 26647 | Orc:1    | Noticed an ettin
 26650 | Orc:1    | Noticed Erica
 26756 | Orc:2    | Mangled by an ettin

Skill      XL: |  1  2  3  4  5  6  7  8  9 10 11 12 13 |
---------------+----------------------------------------+-----
Axes           | 5 6 7 8 10 12 14 16 19 20 | 20.0
Fighting       | 5 11 15 16 17 | 17.0
Armour         | 1 |  1.7
Dodging        | 0 |  0.0
Throwing       | |  1.7

Action                   |  1- 3 |  4- 6 |  7- 9 | 10-12 | 13-15 || total
-------------------------+-------+-------+-------+-------+-------++-------
Melee: War axe           |    92 |   215 |   457 |   576 |       ||  1340
       Battleaxe         |       |       |       |   321 |   271 ||   592
Throw: Throwing net      |       |       |       |     7 |       ||     7
Invok: Sacrifice Stealth |       |     1 |       |       |       ||     1
       Sacrifice Love    |       |       |     1 |       |       ||     1
       Draw Out Power    |       |       |     1 |    14 |     1 ||    16
       Sacrifice Drink   |       |       |     1 |       |       ||     1
       Sacrifice Courage |       |       |       |     1 |       ||     1
       Power Leap        |       |       |       |     2 |       ||     2
       Reject Sacrifices |       |       |       |     1 |       ||     1
       Sacrifice Nimblen |       |       |       |       |     1 ||     1
Evoke: Wand              |       |       |       |    27 |       ||    27
  Use: Scroll            |       |     9 |     6 |    13 |     4 ||    32
       Potion            |       |       |     4 |     5 |       ||     9
 Stab: Invisible         |       |       |     2 |    16 |     3 ||    21
       Distracted        |       |       |       |     2 |       ||     2
       Paralysed         |       |       |       |     3 |     2 ||     5
  Eat: Chunk             |     2 |     4 |     9 |    18 |    11 ||    44
       Ration            |       |     1 |     2 |     9 |       ||    12
Armor: Leather armour    |     6 |       |       |       |       ||     6
       Chain mail        |    32 |   110 |   151 |   330 |    90 ||   713
       Plate armour      |       |       |    82 |       |     5 ||    87
Dodge: Dodged            |    55 |    69 |   134 |   260 |    76 ||   594
